 Dungeon Crawl Stone Soup version 0.30-a0-263-ge22c4ad894 (webtiles) character file.

Game seed: 5847952085235070366

8578 sscrono2 the Brawler (level 11, 0/67 HPs)
             Began as an Octopode Delver on Oct 13, 2022.
             Was an Initiate of Gozag.
             Killed from afar by a steam dragon (18 damage)
             ... with a ball of steam
             ... on level 9 of the Dungeon.
             The game lasted 00:19:07 (11246 turns).

sscrono2 the Brawler (Octopode Delver)             Turns: 11246, Time: 00:19:08

Health: 0/67       AC:  1    Str: 16    XL:     11   Next: 33%
Magic:  11/11      EV: 13    Int: 13    God:    Gozag
Gold:   1119       SH:  0    Dex: 13    Spells: 10/10 levels left

rFire   . . .      SeeInvis +      - Unarmed
rCold   . . .      Faith    .    (no shield)
rNeg    . . .      Spirit   .    (helmet restricted)
rPois   .          Reflect  .    c - amulet of the acrobat
rElec   .          Harm     .    s - ring of resist corrosion
rCorr   +          Rampage  .    x - ring of willpower
Will    +....                    d - ring of see invisible
Stlth   ++++......               (no ring)
HPRegen 0.31/turn                (no ring)
MPRegen 0.12/turn                (no ring)
                                 (no ring)
                                 (no ring)

@: gold aura
A: almost no armour, amphibious, 8 rings, camouflage 1, gelatinous body 1,
(nimble swimmer 1), tentacles
a: Renounce Religion, Potion Petition, Call Merchant, Bribe Branch


You were on level 9 of the Dungeon.
You worshipped Gozag.
Gozag was most pleased with you.
You visited 2 branches of the dungeon, and saw 10 of its levels.

You collected 1183 gold pieces.
You paid 64 gold pieces to Gozag.

Inventory:

Missiles
 l - 12 poisoned darts (quivered)
 D - a curare-tipped dart
 H - 5 datura-tipped darts
Magical Staves
 q - a staff of cold
Jewellery
 c - an amulet of the acrobat (around mantle)
 d - a ring of see invisible (on tentacle)
 s - a ring of resist corrosion (left tentacle)
 x - a ring of willpower (right tentacle)
Wands
 e - a wand of digging (3)
 j - a wand of mindburst (22)
 B - a wand of flame (21)
 F - a wand of paralysis (5)
Scrolls
 a - a scroll of fog
 b - 4 scrolls of magic mapping
 f - a scroll of immolation {unknown}
 g - 4 scrolls of identify {unknown}
 h - 3 scrolls of enchant armour {unknown}
 k - 2 scrolls of enchant weapon {unknown}
 m - 3 scrolls of brand weapon {unknown}
 o - 2 scrolls of noise {unknown}
 p - a scroll of poison {unknown}
 v - 4 scrolls of teleportation {unknown}
 w - a scroll of summoning {unknown}
 y - a scroll of torment {unknown}
 C - a scroll of butterflies {unknown}
 G - a scroll of amnesia {unknown}
 I - 2 scrolls of vulnerability {unknown}
Potions
 i - a potion of brilliance
 u - a potion of attraction {unknown}
 z - a potion of resistance {unknown}
 A - 2 potions of curing
 E - a potion of ambrosia {unknown}


   Skills:
 - Level 3.0 Fighting
 - Level 2.0 Dodging
 - Level 6.6 Stealth
 + Level 17.0 Unarmed Combat


You had 10 spell levels left.
You didn't know any spells.
Your spell library contained the following spells:

 Spells                   Type           Power      Damage    Failure   Level
 Apportation              Tloc           0%         N/A       30%         1
 Necrotise                Necr           0%         1d4       30%         1
 Summon Small Mammal      Summ           0%         N/A       30%         1
 Dazzling Flash           Conj/Hex       0%         N/A       67%         3
 Iskenderun's Mystic Bla  Conj/Tloc      0%         2d3       97%         4
 Starburst                Conj/Fire      0%         6d3       100%        6


Dungeon Overview and Level Annotations

Branches:
Dungeon (9/15)             Temple (1/1) D:6            Lair (0/5) D:8
    Orc: D:9-12

Altars:
Ashenzari
Cheibriados
Dithmenos
Elyvilon
Fedhas
Gozag
Hepliaklqana
Kikubaaqudgha
Makhleb
Nemelex Xobeh
Okawaru
Qazlal
Ru
Sif Muna
Trog
Uskayaw
Vehumet
Wu Jian
Xom
Yredelemnul
Zin
The Shining One

Annotations:
D:3 1 runed translucent door, liarliar's ghost, novice OpTm
D:8 3 runed translucent doors, drewk1942's ghost, novice GnHu


Innate Abilities, Weirdness & Mutations

You cannot wear most types of armour.
You are amphibious.
You can wear up to eight rings at the same time.
Your skin changes colour to match your surroundings (Stealth+).
Your rubbery body absorbs attacks. (AC +1, EV +1)
((You are camouflaged when in or above water. (Stealth+)))
You have tentacles for arms and can constrict up to eight enemies at once.


Message History

You closely miss the kobold. You grab the kobold. You tentacle-slap the kobold.
The kobold is moderately wounded.
You constrict the kobold.
You kill the kobold!
You hear a splash.
A nearby plant withers and dies.
The electric eel shoots out a bolt of lightning at you!
The bolt of electricity hits the plant!
The plant begins to die.
The bolt of electricity hits you.
You start resting.
A kobold brigand is nearby!
You closely miss the kobold brigand. You grab the kobold brigand.
You squeeze the kobold brigand.
The kobold brigand is lightly wounded.
You constrict the kobold brigand. You tentacle-slap the kobold brigand.
You squeeze the kobold brigand.
The kobold brigand is heavily wounded.
You constrict the kobold brigand. You bludgeon the kobold brigand!
You kill the kobold brigand!
You hear a splash. x2
A steam dragon comes into view.
The electric eel shoots out a bolt of lightning at you!
The bolt of electricity hits you!
Things that are here:
8 gold pieces; a +0 dagger; 8 poisoned darts
Okay, then.
Okay, then.
The electric eel shoots out a bolt of lightning at you!
The bolt of electricity hits you!
The steam dragon completely misses you. x2
Unknown command.
You bludgeon the electric eel! Your grab misses the electric eel.
The electric eel is almost dead.
The electric eel shoots out a bolt of lightning at you!
The bolt of electricity hits you!
* * * LOW HITPOINT WARNING * * *
The steam dragon breathes steam at you. The ball of steam hits you!!
You die...
Your body crumbles into a pile of gold.

#......<.....###########..#
#........................##
#####.........>.....##########
.................#.######## ##
.##########....<##........#
##. ################### #..
♣S$~~.♣♣♣~♣♣♣ ♣.♣ #..
♣.D♣P~♣~P♣♣♣♣.♣♣#..
♣♣~@♣~P♣P~....♣.....
♣~S~$♣♣♣♣≈♣♣♣♣.♣♣#.. ♣♣~.♣♣
♣≈♣ ♣.♣ #.. #♣.♣ ### ### #..
..♣ ##. ..♣♣ .. ..♣ . ..♣ $ .
..♣


You could see a steam dragon (catching breath) and an electric eel.

Vanquished Creatures
  3 death yaks (D:8)
  A troll (D:8)
  A shadow (D:9)
  11 yaks (D:8)
  A wyvern (D:9)
  4 water moccasins
  An orc warrior (D:6)
  3 ice beasts
  4 sky beasts
  A black bear (D:4)
  An ogre (D:6)
  A centaur (D:7)
  3 phantoms (D:6)
  2 kobold brigands
  2 necrophages (D:5)
  4 bullfrogs
  A gnoll sergeant (D:6)
  4 scorpions
  11 wights
  7 killer bees
  3 howler monkeys (D:7)
  3 vampire bats (D:3)
  4 jellies
  5 orc priests
  A gnoll bouda (D:8)
  3 hounds
  3 iguanas (D:5)
  4 orc wizards
  3 adders
  19 gnolls
  A shadow imp (D:7)
  A white imp (D:6)
  An ufetubus (D:7)
  3 worms
  2 dart slugs
  21 orcs
  8 ball pythons
  7 bats
  4 bat skeletons (D:3)
  2 bat zombies (D:3)
  8 endoplasms
  5 giant cockroaches
  3 goblins
  7 hobgoblins
  14 kobolds
  3 quokkas
  A frilled lizard (D:2)
  2 rats (D:2)
207 creatures vanquished.

Vanquished Creatures (collateral kills)
  3 yaks (D:8)
3 creatures vanquished.

Vanquished Creatures (others)
  A yak (D:8)
  An orc (D:8)
  A kobold (D:9)
  2 plants (D:9)
5 creatures vanquished.

Grand Total: 215 creatures vanquished

Notes
Turn   | Place    | Note
-------+----------+-------------------------------------------
     0 | D:5      | sscrono2 the Octopode Delver began the quest for the Orb.
     0 | D:5      | Reached XP level 1. HP: 16/16 MP: 1/1
     1 | D:5      | Noticed a necrophage
    19 | D:5      | Killed a necrophage
    20 | D:5      | Reached skill level 4 in Unarmed Combat
    20 | D:5      | Reached XP level 2. HP: 2/21 MP: 2/2
    20 | D:5      | Reached XP level 3. HP: 3/26 MP: 3/3
    20 | D:5      | Reached XP level 4. HP: 4/31 MP: 4/4
    63 | D:5      | Noticed a necrophage
   400 | D:4      | Noticed a water moccasin
   458 | D:3      | Found a runed translucent door.
   458 | D:3      | Noticed liarliar's ghost (novice OpTm)
   566 | D:3      | Reached skill level 5 in Unarmed Combat
   566 | D:3      | Reached XP level 5. HP: 33/36 MP: 5/5
   795 | D:3      | Found an ancient bone altar of Kikubaaqudgha.
   820 | D:3      | Reached skill level 6 in Unarmed Combat
   820 | D:3      | Reached XP level 6. HP: 14/42 MP: 6/6
  3139 | D:4      | Reached skill level 7 in Unarmed Combat
  3193 | D:4      | Noticed a black bear
  3198 | D:4      | Killed a black bear
  3199 | D:4      | Reached XP level 7. HP: 46/46 MP: 7/7
  3490 | D:4      | Reached skill level 8 in Unarmed Combat
  4264 | D:4      | Reached skill level 9 in Unarmed Combat
  4281 | D:5      | Reached XP level 8. HP: 49/52 MP: 8/8
  4622 | D:5      | Reached skill level 10 in Unarmed Combat
  5156 | D:6      | HP: 2/52 [something (6)]
  5439 | D:6      | Reached skill level 11 in Unarmed Combat
  5504 | D:6      | Reached XP level 9. HP: 33/56 MP: 9/9
  5619 | D:6      | Found a staircase to the Ecumenical Temple.
  5800 | Temple   | Entered the Ecumenical Temple
  6139 | Temple   | Became a worshipper of Gozag Ym Sagoz the Greedy
  6403 | D:6      | Reached skill level 12 in Unarmed Combat
  7344 | D:6      | Reached skill level 13 in Unarmed Combat
  8638 | D:7      | Reached XP level 10. HP: 63/63 MP: 10/10
  8710 | D:8      | Gained mutation: You expend magic power (3 MP) to
                  | strengthen your wands. [potion of mutation]
  8710 | D:8      | Gained mutation: You are clumsy. (Dex -2) [potion of
                  | mutation]
  8718 | D:8      | Reached skill level 14 in Unarmed Combat
  8880 | D:8      | Lost mutation: You expend magic power (3 MP) to strengthen
                  | your wands. [potion of mutation]
  8880 | D:8      | Lost mutation: You are clumsy. (Dex -2) [potion of
                  | mutation]
  8880 | D:8      | Gained mutation: You are weak. (Str -2) [potion of
                  | mutation]
  8880 | D:8      | Gained mutation: Your mind is acute. (Int +4, Str/Dex -1)
                  | [potion of mutation]
  8880 | D:8      | Gained mutation: One of your tentacles bears a spike.
                  | [potion of mutation]
  8881 | D:8      | Lost mutation: One of your tentacles bears a spike. [potion
                  | of mutation]
  8881 | D:8      | Lost mutation: Your mind is acute. (Int +4, Str/Dex -1)
                  | [potion of mutation]
  8881 | D:8      | Lost mutation: You are weak. (Str -2) [potion of mutation]
  8881 | D:8      | Gained mutation: You have hidden genetic potential. [potion
                  | of mutation]
  8881 | D:8      | Gained mutation: You sometimes lose your temper in combat.
                  | [potion of mutation]
  8881 | D:8      | Gained mutation: Your flesh is heat resistant. (rF+)
                  | [potion of mutation]
  8997 | D:8      | Lost mutation: You sometimes lose your temper in combat.
                  | [potion of mutation]
  8997 | D:8      | Lost mutation: Your flesh is heat resistant. (rF+) [potion
                  | of mutation]
  8997 | D:8      | Lost mutation: You have hidden genetic potential. [potion
                  | of mutation]
  8997 | D:8      | Gained mutation: Your flesh is heat resistant. (rF+)
                  | [potion of mutation]
  8997 | D:8      | Gained mutation: Your magical capacity is low. (-10% MP)
                  | [potion of mutation]
  8997 | D:8      | Gained mutation: Your flesh is cold resistant. (rC+)
                  | [potion of mutation]
  8997 | D:8      | Gained mutation: You are agile. (Dex +4, Str/Int -1)
                  | [potion of mutation]
  8998 | D:8      | Lost mutation: Your flesh is cold resistant. (rC+) [potion
                  | of mutation]
  8998 | D:8      | Lost mutation: Your flesh is heat resistant. (rF+) [potion
                  | of mutation]
  8998 | D:8      | Lost mutation: You are agile. (Dex +4, Str/Int -1) [potion
                  | of mutation]
  8998 | D:8      | Gained mutation: You are strong-willed. (Will+) [potion of
                  | mutation]
  8999 | D:8      | Lost mutation: You are strong-willed. (Will+) [potion of
                  | mutation]
  8999 | D:8      | Lost mutation: Your magical capacity is low. (-10% MP)
                  | [potion of mutation]
  8999 | D:8      | Gained mutation: You are frail. (-10% HP) [potion of
                  | mutation]
  8999 | D:8      | Lost mutation: You are frail. (-10% HP) [potion of
                  | mutation]
  9792 | D:8      | Noticed a death yak
  9843 | D:8      | Killed a death yak
  9844 | D:8      | Reached skill level 15 in Unarmed Combat
  9884 | D:8      | Noticed a death yak
  9887 | D:8      | Noticed a death yak
  9922 | D:8      | Killed a death yak
 10165 | D:8      | Reached skill level 16 in Unarmed Combat
 10219 | D:8      | Killed a death yak
 10220 | D:8      | Reached XP level 11. HP: 67/67 MP: 11/11
 10509 | D:8      | Found a staircase to the Lair.
 10693 | D:8      | Found a runed translucent gate.
 10694 | D:8      | Found a runed translucent gate.
 10694 | D:8      | Found a runed translucent gate.
 10695 | D:8      | Found an opulent altar of Gozag.
 10697 | D:8      | Noticed a centaur warrior
 10697 | D:8      | Noticed drewk1942's ghost (novice GnHu)
 11120 | D:9      | Reached skill level 17 in Unarmed Combat
 11246 | D:9      | Killed from afar by a steam dragon

Illustrated notes

Levels and vault maps discovered:
D:1:      kilobyte_arrival_exit_the_forest, layout_basic
D:2:      cheibrodos_pilgrimage, layout_basic, serial_bayou_pond_d
D:3:      minmay_wonky_spiral, layout_rooms, kennysheep_vampire_church,
          gammafunk_ghost_grave
D:4:      layout_gridville
D:5:      layout_rooms
D:6:      layout_basic, minmay_temple_entry_large_hall
D:7:      layout_basic
D:8:      layout_basic, dpeg_lair_monsters, ebering_ghost_gozag
D:9:      nzn_winding_woodlands_large [nzn_winding_woodlands_5x5_cross,
          nzn_winding_woodlands_5x15_lazy_stream,
          nzn_winding_woodlands_5x5_perimeter,
          nzn_winding_woodlands_center_garden,
          nzn_winding_woodlands_15x15_thick_spiral,
          nzn_winding_woodlands_center_triple_pond,
          nzn_winding_woodlands_5x5_open_star,
          nzn_winding_woodlands_5x15_sawtooth,
          nzn_winding_woodlands_5x5_closed_star], layout_rooms, serial_shops,
          nicolae_shop_waterfront, library_closet, minmay_starry_boxes
Temple:   mainiacjoe_temple_trianglar_array

Skill      XL: |  1  2  3  4  5  6  7  8  9 10 11 |
---------------+----------------------------------+-----
Unarmed Combat | 4 5 6 7 9 11 13 16 17 | 17.0
Fighting       | |  3.0
Dodging        | |  2.0
Stealth        | |  6.6

Action                   |  1- 3 |  4- 6 |  7- 9 | 10-12 || total
-------------------------+-------+-------+-------+-------++-------
Melee: Unarmed           |    12 |   120 |   218 |   153 ||   503
       Tentacles         |     5 |    29 |    46 |    32 ||   112
       Constrict         |     1 |    29 |    40 |    16 ||    86
       Punch             |       |     6 |    10 |    25 ||    41
       Dagger            |       |    13 |       |       ||    13
Throw: Dart              |       |       |    24 |    27 ||    51
       Throwing net      |       |       |       |     2 ||     2
Evoke: Wand              |       |     3 |    12 |    16 ||    31
  Use: Potion            |     1 |       |     1 |    11 ||    13
       Scroll            |       |       |     2 |     1 ||     3
 Stab: Sleeping          |       |    32 |    16 |     7 ||    55
       Distracted        |       |       |     1 |       ||     1
       Held in net/web   |       |       |       |     3 ||     3
       Paralysed         |       |       |       |     3 ||     3
       Invisible         |       |       |       |     2 ||     2
Armor: Skin              |       |    15 |     6 |    18 ||    39
Dodge: Dodged            |     4 |   100 |    76 |    68 ||   248

Table legend: (Time is in decaauts)
 A = Elapsed time spent in this place.
 B = Non-inter-level travel time spent in this place.
 C = Inter-level travel time spent in this place.
 D = Time resting spent in this place.
 E = Time spent auto-exploring this place.
 F = Levels seen in this place.
 G = Mean time per level.
                   A        B        C        D        E       F      G
               +--------+--------+--------+--------+--------+-----+--------+
         Total |  11133 |  10760 |    373 |   2162 |   6589 |  10 | 1113.3 |
       Dungeon |  10750 |  10420 |    330 |   2162 |   6254 |   9 | 1194.4 |
        Temple |    383 |    340 |     43 |      0 |    335 |   1 |  383.0 |
               +--------+--------+--------+--------+--------+-----+--------+

Top non-repeatable levels by time:
     D:6: 1991 daAuts
     D:8: 1722 daAuts
     D:4: 1292 daAuts
     D:5: 1278 daAuts
     D:7: 1263 daAuts
     D:1: 1126 daAuts
     D:2: 849 daAuts
     D:3: 719 daAuts
     D:9: 505 daAuts
  Temple: 383 daAuts
